 Dungeon Crawl Stone Soup version 0.17-a0-1748-g222fba8 (webtiles) character file.

45 KambridgeKobold the Ducker (level 3, 0/18 HPs)
             Began as a Spriggan Warper on Sept 1, 2015.
             Was a Follower of Trog.
             Succumbed to poison (a potion of poison)
             ... on level 2 of the Dungeon.
             The game lasted 00:05:59 (1961 turns).

KambridgeKobold the Ducker (Spriggan Warper)        Turns: 1961, Time: 00:06:00

Health: 0/18       AC:  2    Str:  8    XL:     3   Next: 42%
Magic:  17/17      EV: 19    Int: 14    God:    Trog [*.....]
Gold:   39         SH:  0    Dex: 15    Spells: 3 memorised, 3 levels left

rFire  . . .     SeeInvis +     a - +0 short sword
rCold  . . .     Clarity  .     b - +0 robe
rNeg   . . .     SustAt   .     (shield restricted)
rPois  .         Gourm    .     (helmet restricted)
rElec  .         Spirit   .     (no cloak)
rCorr  .         Warding  .     (gloves unavailable)
rMut   .         Stasis   .     (boots unavailable)
MR     .....                    (no amulet)
Stlth  ++........               (no ring)
                                k - ring of magical power

@: lethally poisoned (0 -> -17), very quick, not resistant to hostile
enchantments, unstealthy
A: unfitting armour, see invisible, herbivore 3, speed 3, slow metabolism 2
a: Burn Spellbooks, Berserk, Renounce Religion


You were on level 2 of the Dungeon.
You worshipped Trog.
Trog was aware of your devotion.
You were not hungry.

You visited 1 branch of the dungeon, and saw 2 of its levels.

You collected 39 gold pieces.

Inventory:

Hand weapons
 a - a +0 short sword (weapon)
Missiles
 e - 5 tomahawks of dispersal (quivered)
Armour
 b - a +0 robe (worn)
Jewellery
 k - a ring of magical power (left hand)
Scrolls
 d - 2 scrolls of blinking
 g - 4 scrolls of identify {unknown}
 h - a scroll of immolation {unknown}
 j - 3 scrolls of remove curse {unknown}
 m - a scroll of recharging {unknown}
 n - a scroll of enchant armour {unknown}
 o - a scroll of amnesia {unknown}
Books
 c - a book of Spatial Translocations

   Spells                             Type                      Level
   a - Apportation                    Translocation                1
   b - Blink                          Translocation                2
   c - Shroud of Golubria             Charms/Translocation         2
   d - Portal Projectile              Translocation                3
   e - Teleport Other                 Translocation                3
   f - Passage of Golubria            Translocation                4
   Trog disapproves of the use of such an item.
Comestibles
 f - a bread ration


   Skills:
 - Level 2.0 Fighting
 + Level 2.3 Short Blades
 - Level 1.1 Throwing
 + Level 4.8 Dodging
 + Level 1.6 Stealth
 - Level 3.0 Spellcasting
 - Level 4.4 Translocations


You had 3 spell levels left.
You knew the following spells:

 Your Spells              Type           Power        Failure   Level  Hunger
a - Apportation           Tloc           ##........   3%          1    #......
b - Blink                 Tloc           N/A          6%          2    ##.....
c - Shroud of Golubria    Chrm/Tloc      #.........   17%         2    ##.....


Dungeon Overview and Level Annotations

Branches:
Dungeon (2/15)

Altars:
Cheibriados
Trog

Annotations:
D:2 Sigmund


Innate Abilities, Weirdness & Mutations

You are tiny and cannot use many weapons and most armour.
You have supernaturally acute eyesight.
You are a herbivore.
You cover ground extremely quickly.
You need consume almost no food.


Message History

Drink which item? (? for menu, Esc to quit)
It was a potion of brilliance.
You feel clever all of a sudden.
Drink which item? (? for menu, Esc to quit)
It was a potion of poison.
That liquid tasted very nasty...
You are more poisoned.
* * * LOW HITPOINT WARNING * * *
You feel sick.
Drink which item? (? for menu, Esc to quit)
It was a potion of cancellation.
Your magical effects are unravelling.
You feel magically purged.
You feel a little less clever now.
* * * LOW HITPOINT WARNING * * *
You feel sick.
There is a lethal amount of poison in your body!
There is a lethal amount of poison in your body!
* * * LOW HITPOINT WARNING * * *
You feel sick.
You die...

#...# ###.# #.# #.
#.# #. #.# #. ####
#.# #. #... #.# #.
#.## #.#
#.#############.
#.# #.#
#....†..@.......
#.# #.#
#..###############
#.## #.#
#..#.............#
#>.. #.#
#..#.###########.#
#### #.# #.....##
#.# #.#
#..###.##### #.#
#.# #..# #.....#
###.#
#.###..###>###.#
#...#
#..............#
#.#.#


There were no monsters in sight!

Vanquished Creatures
  An adder (D:2)
  A giant gecko (D:2)
  A giant cockroach (D:2)
  6 goblins
  2 hobgoblins
  2 ball pythons
  5 bats
  2 giant newts (D:1)
  5 jackals (D:1)
  4 kobolds
  10 rats
39 creatures vanquished.

Notes
Turn   | Place    | Note
--------------------------------------------------------------
     0 | D:1      | KambridgeKobold the Spriggan Warper began the quest for the Orb.
     0 | D:1      | Reached XP level 1. HP: 10/10 MP: 5/5
   126 | D:1      | Reached XP level 2. HP: 13/15 MP: 7/7
   303 | D:1      | Learned a level 2 spell: Blink
   306 | D:1      | Learned a level 2 spell: Shroud of Golubria
   609 | D:1      | Found a snail-covered altar of Cheibriados.
  1181 | D:2      | Reached XP level 3. HP: 18/18 MP: 8/8
  1207 | D:2      | Reached skill level 1 in Stealth
  1349 | D:2      | Noticed Sigmund
  1687 | D:2      | Found a faded altar to an unknown god.
  1692 | D:2      | Became a worshipper of Trog the Wrathful
  1692 | D:2      | Acquired Trog's first power
  1961 | D:2      | Succumbed to poison (a potion of poison)

Vault maps used:
D:1:      minmay_arrival_diagonal_passages, kennysheep_flooded_box
D:2:      ecumenical_altar_1, uniq_sigmund

Action                   || total
-------------------------++-------
Melee: Short sword       ||   132
 Cast: Shroud of Golubri ||     4
  Use: Potion            ||     3
 Stab: Sleeping          ||     7
